Demolitions vs Monarchs
(R1)
Created - 16 décembre 2015 at 23:01
Goals
|
| Demolitions |
2 |
0 |
0 |
2 |
| Monarchs |
2 |
3 |
0 |
5 |
|
Shots
|
| Demolitions |
17 |
16 |
7 |
40 |
| Monarchs |
8 |
12 |
8 |
28 |
|
1st period
1. Monarchs , Paul Bissonnette 2 (Chris Dingman, Marek Zagrapan) at 5:39
2. Monarchs , Mason Raymond 12 (Mikael Backlund) at 8:09
3. Demolitions , Brad Richardson 25 (T.J. Hensick, Bobby Butler) at 15:16 (PP)
4. Demolitions , T.J. Hensick 17 (Brad Richardson) at 17:45
Penalties :
T.J. Hensick (Vic) for Slashing (Minor) at 12:41, Paul Bissonnette (MAN) for Hooking (Minor) at 15:10, T.J. Hensick (Vic) for Goalie Interference (Minor) at 19:20
2nd period
5. Monarchs , Mikael Backlund 9 (Andrej Meszaros, Andy Greene) at 1:37
6. Monarchs , Mikael Backlund 10 (Andrej Meszaros, Mason Raymond) at 9:07
7. Monarchs , Kyle Palmieri 13 (Mikael Backlund, Mason Raymond) at 9:45
Penalties :
T.J. Hensick (Vic) for Hooking (Minor) at 13:05, Josh Beaulieu (Vic) for High sticking (Minor) at 15:12
3rd period
No Goal
Penalties :
Anton Babchuk (Vic) for Hooking (Minor) at 0:42, Chris Dingman (MAN) for Delaying the game (Minor) at 5:26, Kyle Palmieri (MAN) for Holding (Minor) at 12:35, Kyle Palmieri (MAN) for Interference (Minor) at 19:30
Goalie Stats
Brent Krahn (Vic), 11 saves from 12 shots - (0,917), 30:53 minutes
Jeff Frazee (Vic), 12 saves from 16 shots - (0,750), L, 3-4-1, 29:07 minutes
Richard Bachman (MAN), 38 saves from 40 shots - (0,950), W, 10-10-0, 60:00 minutes
Players Stats for Demolitions
Player Name G A P +/- PIM S H SB GA TA FO MP PP MP PK MP
------------------------------------------------------------------------------------
Alex Hutchings 0 0 0 0 0 0 0 0 0 1 0/0 3:02 0:00 3:00
Andrew Campbell 0 0 0 -1 0 4 2 0 0 0 0/0 18:39 1:39 3:34
Anssi Salmela 0 0 0 -1 0 1 3 0 1 0 0/0 18:58 1:42 3:34
Anthony Stewart 0 0 0 0 0 0 0 0 0 0 0/0 0:00 0:00 0:00
Anton Babchuk 0 0 0 -1 2 4 0 3 1 1 0/0 24:48 2:51 4:34
Bobby Butler 0 1 1 1 0 2 0 0 1 0 0/1 18:37 2:29 2:27
Brad Richardson 1 1 2 1 0 6 6 0 2 0 5/7 22:35 2:19 5:24
Chris Wideman 0 0 0 -1 0 0 0 0 0 0 0/0 6:01 0:00 0:47
Corban Knight 0 0 0 0 0 0 0 0 0 0 0/1 1:01 0:00 0:59
Darren Helm 0 0 0 -2 0 2 3 0 0 0 0/3 10:24 0:10 0:00
Doug Janik 0 0 0 -1 0 2 2 0 0 1 0/0 24:57 2:51 5:34
Josh Beaulieu 0 0 0 -2 2 1 1 0 0 2 1/1 11:00 0:00 0:27
Konstantin Pushkarev 0 0 0 -2 0 2 0 1 1 0 0/0 10:24 0:10 0:00
Masi Marjamaki 0 0 0 0 0 1 2 0 0 0 0/0 7:30 0:00 0:00
Nicolas Blanchard 0 0 0 0 0 3 1 0 1 0 0/2 10:24 0:00 2:54
Nigel Dawes 0 0 0 0 0 0 0 0 0 0 0/0 0:00 0:00 0:00
Robert Bortuzzo 0 0 0 -1 0 0 0 0 0 0 0/0 11:51 0:00 1:47
Robert Klinkhammer 0 0 0 -3 0 0 0 2 1 0 0/0 14:57 2:04 0:00
Ryan Craig 0 0 0 -3 0 3 3 0 1 0 7/10 17:25 2:04 2:27
Seth Helgeson 0 0 0 -1 0 0 0 1 0 0 0/0 10:23 0:03 0:00
Spencer Machacek 0 0 0 -3 0 3 2 1 2 0 0/0 14:57 2:04 0:00
T.J. Hensick 1 1 2 1 6 6 2 3 1 0 14/27 19:23 2:19 2:12
Taylor Aronson 0 0 0 -1 0 0 0 0 0 0 0/0 5:14 0:00 0:00
Tom Kuhnhackl 0 0 0 0 0 0 1 0 0 0 0/1 7:30 0:00 0:00
Vince Rocco 0 0 0 0 0 0 0 0 0 0 0/0 0:00 0:00 0:00
Players Stats for Monarchs
Player Name G A P +/- PIM S H SB GA TA FO MP PP MP PK MP
------------------------------------------------------------------------------------
Andrej Meszaros 0 2 2 3 0 2 0 3 0 1 0/0 25:29 5:55 0:00
Andy Greene 0 1 1 3 0 0 1 0 1 1 0/0 26:30 5:55 2:26
Chris Dingman 0 1 1 1 2 5 2 0 0 1 1/3 16:14 0:00 1:34
Derek Peltier 0 0 0 0 0 0 0 0 0 0 0/0 4:30 0:00 2:56
Jay Beagle 0 0 0 0 0 1 1 0 0 2 0/0 9:21 0:11 0:00
John Mitchell 0 0 0 0 0 0 0 0 0 0 0/0 1:30 0:11 0:52
John Zeiler 0 0 0 -1 0 2 2 0 0 1 1/1 20:57 5:40 0:00
Jon Merrill 0 0 0 1 0 1 2 0 0 0 0/0 20:16 4:00 0:30
Kyle Clifford 0 0 0 -1 0 3 3 0 1 1 0/0 22:10 5:40 1:13
Kyle Palmieri 1 0 1 4 4 2 4 2 0 0 0/0 18:30 4:04 0:00
Marc Methot 0 0 0 0 0 0 0 0 0 0 0/0 1:37 0:00 1:37
Marek Zagrapan 0 1 1 1 0 1 0 0 0 0 3/4 8:02 0:00 1:25
Mason Raymond 1 2 3 4 0 2 1 0 1 0 0/0 19:20 4:04 0:48
Matt Tennyson 0 0 0 0 0 0 0 0 0 1 0/0 11:37 0:00 0:00
Mikael Backlund 2 2 4 4 0 4 0 1 1 1 4/9 19:05 4:04 0:33
Nate Schmidt 0 0 0 0 0 0 0 0 0 0 0/0 0:00 0:00 0:00
Paul Bissonnette 1 0 1 1 2 1 0 0 0 1 0/0 6:36 0:00 0:00
Randy Robitaille 0 0 0 -1 0 3 1 1 1 1 16/33 23:29 5:40 2:32
Roman Josi 0 0 0 0 0 0 0 1 0 0 0/0 11:37 0:00 0:00
Theo Peckham 0 0 0 1 0 0 1 2 0 1 0/0 18:24 4:00 1:37
Zac Rinaldo 0 0 0 0 0 1 2 2 0 0 1/3 10:09 0:11 0:09
3 Stars
1 - Mikael Backlund (MAN)
2 - Mason Raymond (MAN)
3 - Brad Richardson (Vic)
Power Play
Demolitions - 1 on 4 Attempt(s) - 25,00%
Monarchs - 0 on 5 Attempt(s) - 0,00%
Penalty Kill
Demolitions - 5 on 5 Attempt(s) - 100,00%
- Score 0 goal in Penalty Kill
Monarchs - 3 on 4 Attempt(s) - 75,00%
- Score 0 goal in Penalty Kill
Team Stat
Demolitions - Hits : 28 - Faceoff Wins : 27 - Blocked Shots : 11 - Penalty Minutes : 10
Monarchs - Hits : 20 - Faceoff Wins : 26 - Blocked Shots : 12 - Penalty Minutes : 8
Official
Referees : Devorski Paul and Kozari Steve
Linesman : Shane Heyer and Lyle Seitz
Game Notes
Brent Krahn enters game at 9:07 of 2nd period
Andrew Campbell is injured at 18:49 of 3rd period (Upper Body)
Finance
Level 1 -- Attendance: 1376 (68,80%) -- Ticket Income 48 160 $
Level 2 -- Attendance: 752 (75,20%) -- Ticket Income 11 280 $
Total Attendance: 2128 (70,93%)
Total Ticket Income: 59 440 $
Other Income: 2 972 $
Total Income: 62 412 $
Demolitions
5 vs 5 Forward
Center Left Wing Right Wing Time % Phy DF OF
1 T.J. Hensick Bobby Butler Brad Richardson 40 1 2 2
2 Ryan Craig Robert Klinkhammer Spencer Machacek 30 1 2 2
3 Darren Helm Josh Beaulieu Konstantin Pushkarev 20 1 2 2
4 Nicolas Blanchard Masi Marjamaki Tom Kuhnhackl 10 1 2 2
5 vs 5 Defense
Defense Defense Time % Phy DF OF
1 Doug Janik Anton Babchuk 40 1 2 2
2 Anssi Salmela Andrew Campbell 30 1 2 2
3 Seth Helgeson Robert Bortuzzo 20 1 2 2
4 Chris Wideman Taylor Aronson 10 1 2 2
PowerPlay Forward
Center Left Wing Right Wing Time % Phy DF OF
1 T.J. Hensick Bobby Butler Brad Richardson 60 1 2 2
2 Ryan Craig Robert Klinkhammer Spencer Machacek 40 1 2 2
PowerPlay Defense
Defense Defense Time % Phy DF OF
1 Doug Janik Anton Babchuk 60 1 2 2
2 Anssi Salmela Andrew Campbell 40 1 2 2
Penalty Kill 4 Players Forward
Center Wing Time % Phy DF OF
1 Brad Richardson T.J. Hensick 60 1 2 2
2 Ryan Craig Bobby Butler 40 1 2 2
Penalty Kill 4 Players Defense
Defense Defense Time % Phy DF OF
1 Doug Janik Anton Babchuk 60 1 2 2
2 Anssi Salmela Andrew Campbell 40 1 2 2
Penalty Kill - 3 Players Forward
Forward Time % Phy DF OF
1 Brad Richardson 60 1 2 2
2 T.J. Hensick 40 1 2 2
Penalty Kill - 3 Players Defense
Defense Defense Time % Phy DF OF
1 Doug Janik Anton Babchuk 60 1 2 2
2 Anssi Salmela Andrew Campbell 40 1 2 2
4 vs 4 Forward
Center Wing Time % Phy DF OF
1 Brad Richardson T.J. Hensick 60 1 2 2
2 Ryan Craig Bobby Butler 40 1 2 2
4 vs 4 Defense
Defense Defense Time % Phy DF OF
1 Doug Janik Anton Babchuk 60 1 2 2
2 Anssi Salmela Andrew Campbell 40 1 2 2
Last Minutes Offensive
Center Left Wing Right Wing Defense Defense
T.J. Hensick Bobby Butler Brad Richardson Doug Janik Anton Babchuk
Last Minutes Defensive
Center Left Wing Right Wing Defense Defense
T.J. Hensick Bobby Butler Brad Richardson Doug Janik Anton Babchuk
Goaltenders
Starting : Jeff Frazee
Backup : Brent Krahn
Extra Forwards
Normal : Darren Helm, Konstantin Pushkarev, Nicolas Blanchard - PP : Darren Helm, Konstantin Pushkarev - PK : Nicolas Blanchard
Extra Defensemen
Normal : Seth Helgeson, Robert Bortuzzo, Chris Wideman - PP : Seth Helgeson - PK : Robert Bortuzzo, Chris Wideman
Penalty Shots
Brad Richardson, T.J. Hensick, Ryan Craig, Bobby Butler, Darren Helm
Monarchs
5 vs 5 Forward
Center Left Wing Right Wing Time % Phy DF OF
1 Randy Robitaille Kyle Clifford John Zeiler 40 1 2 2
2 Mikael Backlund Mason Raymond Kyle Palmieri 30 1 2 2
3 Zac Rinaldo Chris Dingman Jay Beagle 20 1 2 2
4 Marek Zagrapan Paul Bissonnette Chris Dingman 10 1 2 2
5 vs 5 Defense
Defense Defense Time % Phy DF OF
1 Jon Merrill Andrej Meszaros 40 1 2 2
2 Andy Greene Theo Peckham 30 1 2 2
3 Matt Tennyson Roman Josi 20 1 2 2
4 Andy Greene Andrej Meszaros 10 1 2 2
PowerPlay Forward
Center Left Wing Right Wing Time % Phy DF OF
1 Randy Robitaille Kyle Clifford John Zeiler 60 1 2 2
2 Mikael Backlund Mason Raymond Kyle Palmieri 40 1 2 2
PowerPlay Defense
Defense Defense Time % Phy DF OF
1 Andy Greene Andrej Meszaros 60 1 2 2
2 Jon Merrill Theo Peckham 40 1 2 2
Penalty Kill 4 Players Forward
Center Wing Time % Phy DF OF
1 Chris Dingman Randy Robitaille 60 1 2 2
2 Mason Raymond Mikael Backlund 40 1 2 2
Penalty Kill 4 Players Defense
Defense Defense Time % Phy DF OF
1 Andy Greene Derek Peltier 60 1 2 2
2 Marc Methot Theo Peckham 40 1 2 2
Penalty Kill - 3 Players Forward
Forward Time % Phy DF OF
1 Chris Dingman 60 1 2 2
2 Randy Robitaille 40 1 2 2
Penalty Kill - 3 Players Defense
Defense Defense Time % Phy DF OF
1 Andy Greene Derek Peltier 60 1 2 2
2 Marc Methot Theo Peckham 40 1 2 2
4 vs 4 Forward
Center Wing Time % Phy DF OF
1 Chris Dingman Randy Robitaille 60 1 2 2
2 Mason Raymond Mikael Backlund 40 1 2 2
4 vs 4 Defense
Defense Defense Time % Phy DF OF
1 Andy Greene Andrej Meszaros 60 1 2 2
2 Jon Merrill Theo Peckham 40 1 2 2
Last Minutes Offensive
Center Left Wing Right Wing Defense Defense
Randy Robitaille Mason Raymond John Zeiler Andy Greene Andrej Meszaros
Last Minutes Defensive
Center Left Wing Right Wing Defense Defense
Randy Robitaille Kyle Clifford Jay Beagle Andy Greene Andrej Meszaros
Goaltenders
Starting : Richard Bachman
Backup : Ben Bishop
Extra Forwards
Normal : Zac Rinaldo, John Mitchell, Marek Zagrapan - PP : Zac Rinaldo, John Mitchell - PK : Marek Zagrapan
Extra Defensemen
Normal : Matt Tennyson, Jon Merrill, Marc Methot - PP : Matt Tennyson - PK : Jon Merrill, Marc Methot
Penalty Shots
Chris Dingman, Randy Robitaille, Mason Raymond, Mikael Backlund, John Zeiler
% Time on Ice - Demolitions
Lines # - Real PCT - Wanted PCT - Time Play
Normal Forward
1 - 33% - 40% - 14:54
2 - 28% - 30% - 12:54
3 - 22% - 20% - 10:14
4 - 16% - 10% - 7:30
Normal Defense
1 - 36% - 40% - 16:32
2 - 30% - 30% - 13:42
3 - 22% - 20% - 10:04
4 - 11% - 10% - 5:14
PP Forward
1 - 55% - 60% - 2:29
2 - 45% - 40% - 2:04
PP Defense
1 - 63% - 60% - 2:51
2 - 37% - 40% - 1:42
PK Forward
1 - 75% - 60% - 7:28
2 - 25% - 40% - 2:27
PK Defense
1 - 64% - 60% - 6:21
2 - 36% - 40% - 3:34
PK3 Forward
1 - 0% - 60%
2 - 0% - 40%
PK3 Defense
1 - 0% - 60%
2 - 0% - 40%
44 Forward
1 - 0% - 60%
2 - 0% - 40%
44 Defense
1 - 0% - 60%
2 - 0% - 40%
Last Minute Offensive - 0:00
Last Minute Defensive - 0:00
Total
Forward - 60:00
Defense - 60:00
|
% Time on Ice - Monarchs
Lines # - Real PCT - Wanted PCT - Time Play
Normal Forward
1 - 34% - 40% - 15:17
2 - 32% - 30% - 14:28
3 - 20% - 20% - 9:10
4 - 15% - 10% - 6:37
Normal Defense
1 - 41% - 40% - 18:38
2 - 28% - 30% - 12:47
3 - 26% - 20% - 11:37
4 - 5% - 10% - 2:30
PP Forward
1 - 59% - 60% - 5:51
2 - 41% - 40% - 4:04
PP Defense
1 - 60% - 60% - 5:55
2 - 40% - 40% - 4:00
PK Forward
1 - 88% - 60% - 4:00
2 - 12% - 40% - 0:33
PK Defense
1 - 64% - 60% - 2:56
2 - 36% - 40% - 1:37
PK3 Forward
1 - 0% - 60%
2 - 0% - 40%
PK3 Defense
1 - 0% - 60%
2 - 0% - 40%
44 Forward
1 - 0% - 60%
2 - 0% - 40%
44 Defense
1 - 0% - 60%
2 - 0% - 40%
Last Minute Offensive - 0:00
Last Minute Defensive - 0:00
Total
Forward - 60:00
Defense - 60:00
|
Play by Play
1st period
0:01 of 1st period - T.J. Hensick wins face-off versus Randy Robitaille in neutral zone.
0:32 of 1st period - Andrej Meszaros is hit by Ryan Craig and loses puck.
0:49 of 1st period - Andrew Campbell is hit by Jon Merrill and loses puck.
1:32 of 1st period - Snap shot by Mikael Backlund.
1:32 of 1st period - Shot Misses the Net.
1:42 of 1st period - Snap shot by T.J. Hensick.
1:42 of 1st period - Shot Blocked by Theo Peckham.
2:30 of 1st period - Wrist shot by Konstantin Pushkarev.
2:30 of 1st period - Shot Misses the Net.
2:32 of 1st period - Slapshot by Anton Babchuk.
2:32 of 1st period - Stopped by Richard Bachman with a rebound.
2:36 of 1st period - Snap shot by Darren Helm.
2:36 of 1st period - Shot Misses the Net.
3:04 of 1st period - Snap shot by Spencer Machacek.
3:04 of 1st period - Shot Hit the Post.
3:06 of 1st period - Backhand shot by Anton Babchuk.
3:06 of 1st period - Shot Misses the Net.
3:41 of 1st period - Icing by Jon Merrill.
3:42 of 1st period - Josh Beaulieu wins face-off versus Marek Zagrapan in Monarchs zone.
4:16 of 1st period - Slapshot by T.J. Hensick.
4:16 of 1st period - Stopped by Richard Bachman with a rebound.
4:26 of 1st period - Snap shot by Anton Babchuk.
4:26 of 1st period - Deflect By Nicolas Blanchard.
4:26 of 1st period - Stopped by Richard Bachman without a rebound.
4:27 of 1st period - Randy Robitaille wins face-off versus Nicolas Blanchard in Monarchs zone.
4:27 of 1st period - Randy Robitaille is hit by Masi Marjamaki.
4:37 of 1st period - Slapshot by Masi Marjamaki.
4:37 of 1st period - Stopped by Richard Bachman with a rebound.
4:41 of 1st period - Snap shot by Doug Janik.
4:41 of 1st period - Stopped by Richard Bachman with a rebound.
4:58 of 1st period - Chris Dingman is hit by T.J. Hensick and loses puck.
5:03 of 1st period - Snap shot by Bobby Butler.
5:03 of 1st period - Shot Blocked by Zac Rinaldo.
5:33 of 1st period - Slapshot by Marek Zagrapan.
5:33 of 1st period - Shot Blocked by Konstantin Pushkarev.
5:37 of 1st period - Wrist shot by Chris Dingman.
5:37 of 1st period - Stopped by Jeff Frazee with a rebound.
5:39 of 1st period - Snap shot by Paul Bissonnette.
5:39 of 1st period - Goal by Paul Bissonnette - Demolitions : 0 - Monarchs : 1.
5:40 of 1st period - T.J. Hensick wins face-off versus Randy Robitaille in neutral zone.
6:13 of 1st period - Slapshot by Ryan Craig.
6:13 of 1st period - Shot Misses the Net.
6:15 of 1st period - Slapshot by Doug Janik.
6:15 of 1st period - Shot Blocked by Andrej Meszaros.
6:17 of 1st period - Wrist shot by Spencer Machacek.
6:17 of 1st period - Stopped by Richard Bachman with a rebound.
6:39 of 1st period - Kyle Palmieri is hit by Darren Helm and loses puck.
6:56 of 1st period - Wrist shot by Masi Marjamaki.
6:56 of 1st period - Shot Misses the Net.
7:24 of 1st period - Snap shot by Brad Richardson.
7:24 of 1st period - Shot Misses the Net.
7:32 of 1st period - Wrist shot by T.J. Hensick.
7:32 of 1st period - Shot Blocked by Andrej Meszaros.
7:52 of 1st period - Ryan Craig is hit by Kyle Palmieri and loses puck.
7:59 of 1st period - Snap shot by Mikael Backlund.
7:59 of 1st period - Shot Misses the Net.
8:07 of 1st period - Snap shot by Mason Raymond.
8:07 of 1st period - Shot Misses the Net.
8:09 of 1st period - Snap shot by Mason Raymond.
8:09 of 1st period - Goal by Mason Raymond - Demolitions : 0 - Monarchs : 2.
8:10 of 1st period - T.J. Hensick wins face-off versus Randy Robitaille in neutral zone.
8:23 of 1st period - Snap shot by Kyle Clifford.
8:23 of 1st period - Stopped by Jeff Frazee without a rebound.
8:24 of 1st period - T.J. Hensick wins face-off versus Randy Robitaille in Demolitions zone.
8:34 of 1st period - Off-side.
8:35 of 1st period - Randy Robitaille wins face-off versus T.J. Hensick in neutral zone.
8:48 of 1st period - Backhand shot by T.J. Hensick.
8:48 of 1st period - Deflect By Bobby Butler.
8:48 of 1st period - Stopped by Richard Bachman with a rebound.
8:50 of 1st period - Slapshot by Brad Richardson.
8:50 of 1st period - Shot Blocked by Randy Robitaille.
9:00 of 1st period - Doug Janik is hit by Zac Rinaldo.
9:26 of 1st period - Icing by Marek Zagrapan.
9:27 of 1st period - Marek Zagrapan wins face-off versus Darren Helm in Monarchs zone.
10:03 of 1st period - Marek Zagrapan is hit by Josh Beaulieu and loses puck.
10:08 of 1st period - Slapshot by Konstantin Pushkarev.
10:08 of 1st period - Stopped by Richard Bachman without a rebound.
10:09 of 1st period - Randy Robitaille wins face-off versus T.J. Hensick in Monarchs zone.
10:22 of 1st period - Slapshot by John Zeiler.
10:22 of 1st period - Shot Misses the Net.
10:24 of 1st period - Wrist shot by John Zeiler.
10:24 of 1st period - Stopped by Jeff Frazee with a rebound.
10:38 of 1st period - Off-side.
10:39 of 1st period - Ryan Craig wins face-off versus Randy Robitaille in neutral zone.
10:58 of 1st period - Snap shot by Spencer Machacek.
10:58 of 1st period - Stopped by Richard Bachman with a rebound.
11:16 of 1st period - Snap shot by John Zeiler.
11:16 of 1st period - Shot Misses the Net.
11:18 of 1st period - Snap shot by Randy Robitaille.
11:18 of 1st period - Shot Misses the Net.
11:20 of 1st period - Snap shot by Kyle Clifford.
11:20 of 1st period - Stopped by Jeff Frazee with a rebound.
11:22 of 1st period - Wrist shot by Randy Robitaille.
11:22 of 1st period - Stopped by Jeff Frazee without a rebound.
11:23 of 1st period - Zac Rinaldo wins face-off versus T.J. Hensick in Demolitions zone.
11:26 of 1st period - Slapshot by Chris Dingman.
11:26 of 1st period - Shot Blocked by T.J. Hensick.
11:38 of 1st period - Wrist shot by Chris Dingman.
11:38 of 1st period - Stopped by Jeff Frazee with a rebound.
12:35 of 1st period - Andrej Meszaros is hit by Anssi Salmela and loses puck.
12:41 of 1st period - Minor Penalty to T.J. Hensick for Slashing.
12:42 of 1st period - Brad Richardson wins face-off versus Randy Robitaille in Demolitions zone.
13:00 of 1st period - Nicolas Blanchard is hit by Kyle Clifford and loses puck.
13:13 of 1st period - Wrist shot by Mikael Backlund.
13:13 of 1st period - Shot Misses the Net.
13:53 of 1st period - Randy Robitaille is hit by Andrew Campbell and loses puck.
14:29 of 1st period - Wrist shot by Ryan Craig.
14:29 of 1st period - Stopped by Richard Bachman with a rebound.
14:31 of 1st period - Snap shot by Andrew Campbell.
14:31 of 1st period - Stopped by Richard Bachman with a rebound.
14:41 of 1st period - Penalty to T.J. Hensick is over, T.J. Hensick is back on ice.
15:08 of 1st period - Backhand shot by Nicolas Blanchard.
15:08 of 1st period - Shot Misses the Net.
15:10 of 1st period - Minor Penalty to Paul Bissonnette for Hooking.
15:11 of 1st period - T.J. Hensick wins face-off versus Chris Dingman in Monarchs zone.
15:16 of 1st period - Slapshot by Brad Richardson.
15:16 of 1st period - Goal by Brad Richardson - Demolitions : 1 - Monarchs : 2.
15:17 of 1st period - T.J. Hensick wins face-off versus Randy Robitaille in neutral zone.
15:17 of 1st period - T.J. Hensick is hit by John Zeiler.
15:43 of 1st period - Kyle Clifford is hit by Darren Helm and loses puck.
15:52 of 1st period - Snap shot by Darren Helm.
15:52 of 1st period - Stopped by Richard Bachman with a rebound.
16:06 of 1st period - Anssi Salmela is hit by Jon Merrill and loses puck.
16:26 of 1st period - Andrej Meszaros is hit by Nicolas Blanchard and loses puck.
17:04 of 1st period - Snap shot by Mikael Backlund.
17:04 of 1st period - Shot Misses the Net.
17:40 of 1st period - Kyle Clifford is hit by Brad Richardson and loses puck.
17:45 of 1st period - Wrist shot by T.J. Hensick.
17:45 of 1st period - Goal by T.J. Hensick - Demolitions : 2 - Monarchs : 2.
17:46 of 1st period - Brad Richardson wins face-off versus Randy Robitaille in neutral zone.
17:49 of 1st period - Snap shot by T.J. Hensick.
17:49 of 1st period - Stopped by Richard Bachman with a rebound.
18:17 of 1st period - Wrist shot by Ryan Craig.
18:17 of 1st period - Stopped by Richard Bachman with a rebound.
18:19 of 1st period - Wrist shot by Ryan Craig.
18:19 of 1st period - Shot Misses the Net.
18:21 of 1st period - Snap shot by Spencer Machacek.
18:21 of 1st period - Deflect By Ryan Craig.
18:21 of 1st period - Shot Blocked by Kyle Palmieri.
18:21 of 1st period - Puck is out of play.
18:22 of 1st period - Randy Robitaille wins face-off versus T.J. Hensick in Monarchs zone.
18:35 of 1st period - Snap shot by Brad Richardson.
18:35 of 1st period - Stopped by Richard Bachman without a rebound.
18:36 of 1st period - Ryan Craig wins face-off versus Randy Robitaille in Monarchs zone.
18:42 of 1st period - Off-side.
18:43 of 1st period - Ryan Craig wins face-off versus Randy Robitaille in neutral zone.
19:20 of 1st period - Minor Penalty to T.J. Hensick for Goalie Interference.
19:21 of 1st period - Randy Robitaille wins face-off versus Brad Richardson in Demolitions zone.
Goals for this period are 2 for Demolitions vs 2 for Monarchs .
Shots for this period are 17 for Demolitions vs 8 for Monarchs .
2nd period
0:01 of 2nd period - Brad Richardson wins face-off versus Randy Robitaille in neutral zone.
0:36 of 2nd period - Wrist shot by Kyle Palmieri.
0:36 of 2nd period - Deflect By Mikael Backlund.
0:36 of 2nd period - Stopped by Jeff Frazee with a rebound.
0:38 of 2nd period - Snap shot by Kyle Palmieri.
0:38 of 2nd period - Shot Misses the Net.
1:07 of 2nd period - Icing by Theo Peckham.
1:08 of 2nd period - Mikael Backlund wins face-off versus Corban Knight in Monarchs zone.
1:15 of 2nd period - Wrist shot by Randy Robitaille.
1:15 of 2nd period - Shot Misses the Net.
1:20 of 2nd period - Penalty to T.J. Hensick is over, T.J. Hensick is back on ice.
1:27 of 2nd period - Snap shot by Ryan Craig.
1:27 of 2nd period - Stopped by Richard Bachman without a rebound.
1:28 of 2nd period - Ryan Craig wins face-off versus Mikael Backlund in Monarchs zone.
1:35 of 2nd period - Slapshot by Andrej Meszaros.
1:35 of 2nd period - Shot Misses the Net.
1:37 of 2nd period - Snap shot by Mikael Backlund.
1:37 of 2nd period - Goal by Mikael Backlund - Demolitions : 2 - Monarchs : 3.
1:38 of 2nd period - T.J. Hensick wins face-off versus Randy Robitaille in neutral zone.
1:49 of 2nd period - Slapshot by Andrej Meszaros.
1:49 of 2nd period - Shot Blocked by Anton Babchuk.
1:51 of 2nd period - Slapshot by Andrej Meszaros.
1:51 of 2nd period - Stopped by Jeff Frazee with a rebound.
1:53 of 2nd period - Backhand shot by John Zeiler.
1:53 of 2nd period - Stopped by Jeff Frazee without a rebound.
1:54 of 2nd period - Ryan Craig wins face-off versus Zac Rinaldo in Demolitions zone.
2:07 of 2nd period - Snap shot by Spencer Machacek.
2:07 of 2nd period - Shot Blocked by Zac Rinaldo.
2:09 of 2nd period - Snap shot by Spencer Machacek.
2:09 of 2nd period - Stopped by Richard Bachman with a rebound.
2:42 of 2nd period - Anssi Salmela is hit by Kyle Palmieri and loses puck.
3:42 of 2nd period - Off-side.
3:43 of 2nd period - T.J. Hensick wins face-off versus Mikael Backlund in neutral zone.
3:46 of 2nd period - Slapshot by Anton Babchuk.
3:46 of 2nd period - Stopped by Richard Bachman without a rebound.
3:47 of 2nd period - T.J. Hensick wins face-off versus Mikael Backlund in Monarchs zone.
3:48 of 2nd period - Snap shot by Brad Richardson.
3:48 of 2nd period - Stopped by Richard Bachman with a rebound.
3:50 of 2nd period - Slapshot by T.J. Hensick.
3:50 of 2nd period - Stopped by Richard Bachman without a rebound.
3:51 of 2nd period - Randy Robitaille wins face-off versus T.J. Hensick in Monarchs zone.
4:25 of 2nd period - Snap shot by Jay Beagle.
4:25 of 2nd period - Shot Blocked by Robert Klinkhammer.
4:27 of 2nd period - Wrist shot by Jay Beagle.
4:27 of 2nd period - Stopped by Jeff Frazee with a rebound.
4:29 of 2nd period - Slapshot by Jon Merrill.
4:29 of 2nd period - Stopped by Jeff Frazee without a rebound.
4:30 of 2nd period - Mikael Backlund wins face-off versus T.J. Hensick in Demolitions zone.
4:39 of 2nd period - Wrist shot by Mason Raymond.
4:39 of 2nd period - Shot Misses the Net.
4:55 of 2nd period - Spencer Machacek is hit by John Zeiler and loses puck.
6:00 of 2nd period - Randy Robitaille is hit by Masi Marjamaki and loses puck.
6:43 of 2nd period - Wrist shot by Chris Dingman.
6:43 of 2nd period - Shot Blocked by Anton Babchuk.
6:45 of 2nd period - Snap shot by Zac Rinaldo.
6:45 of 2nd period - Stopped by Jeff Frazee with a rebound.
6:47 of 2nd period - Snap shot by Jay Beagle.
6:47 of 2nd period - Shot Misses the Net.
7:10 of 2nd period - Slapshot by Anton Babchuk.
7:10 of 2nd period - Shot Blocked by Mikael Backlund.
7:12 of 2nd period - Slapshot by Doug Janik.
7:12 of 2nd period - Deflect By Nicolas Blanchard.
7:12 of 2nd period - Stopped by Richard Bachman without a rebound.
7:13 of 2nd period - Randy Robitaille wins face-off versus Tom Kuhnhackl in Monarchs zone.
7:31 of 2nd period - Slapshot by Andrew Campbell.
7:31 of 2nd period - Stopped by Richard Bachman without a rebound.
7:32 of 2nd period - T.J. Hensick wins face-off versus Mikael Backlund in Monarchs zone.
7:57 of 2nd period - Spencer Machacek is hit by Kyle Clifford and loses puck.
8:24 of 2nd period - Wrist shot by Darren Helm.
8:24 of 2nd period - Stopped by Richard Bachman with a rebound.
8:28 of 2nd period - Snap shot by Konstantin Pushkarev.
8:28 of 2nd period - Stopped by Richard Bachman without a rebound.
8:29 of 2nd period - T.J. Hensick wins face-off versus Randy Robitaille in Monarchs zone.
8:56 of 2nd period - Mason Raymond is hit by Darren Helm and loses puck.
9:07 of 2nd period - Slapshot by Mikael Backlund.
9:07 of 2nd period - Goal by Mikael Backlund - Demolitions : 2 - Monarchs : 4.
9:07 of 2nd period - Brent Krahn enters game.
9:08 of 2nd period - T.J. Hensick wins face-off versus Randy Robitaille in neutral zone.
9:23 of 2nd period - John Zeiler is hit by Anssi Salmela and loses puck.
9:34 of 2nd period - Robert Klinkhammer is hit by Andy Greene and loses puck.
9:43 of 2nd period - Backhand shot by Mikael Backlund.
9:43 of 2nd period - Stopped by Brent Krahn with a rebound.
9:45 of 2nd period - Snap shot by Kyle Palmieri.
9:45 of 2nd period - Goal by Kyle Palmieri - Demolitions : 2 - Monarchs : 5.
9:46 of 2nd period - Randy Robitaille wins face-off versus T.J. Hensick in neutral zone.
9:57 of 2nd period - Slapshot by Anton Babchuk.
9:57 of 2nd period - Shot Blocked by Andrej Meszaros.
9:59 of 2nd period - Wrist shot by T.J. Hensick.
9:59 of 2nd period - Stopped by Richard Bachman without a rebound.
10:00 of 2nd period - Randy Robitaille wins face-off versus T.J. Hensick in Monarchs zone.
10:25 of 2nd period - Spencer Machacek is hit by Theo Peckham and loses puck.
10:34 of 2nd period - Snap shot by Andrej Meszaros.
10:34 of 2nd period - Stopped by Brent Krahn with a rebound.
11:06 of 2nd period - Andrew Campbell is hit by Chris Dingman.
11:30 of 2nd period - Snap shot by Randy Robitaille.
11:30 of 2nd period - Stopped by Brent Krahn with a rebound.
11:52 of 2nd period - Snap shot by Josh Beaulieu.
11:52 of 2nd period - Shot Misses the Net.
12:24 of 2nd period - Marek Zagrapan is hit by Andrew Campbell and loses puck.
12:35 of 2nd period - Andrew Campbell is hit by Chris Dingman and loses puck.
13:05 of 2nd period - Minor Penalty to T.J. Hensick for Hooking.
13:06 of 2nd period - Randy Robitaille wins face-off versus Brad Richardson in Demolitions zone.
13:42 of 2nd period - Doug Janik is hit by Kyle Palmieri and loses puck.
14:29 of 2nd period - Brad Richardson is hit by Mason Raymond and loses puck.
14:44 of 2nd period - Andy Greene is hit by Doug Janik and loses puck.
15:05 of 2nd period - Penalty to T.J. Hensick is over, T.J. Hensick is back on ice.
15:12 of 2nd period - Minor Penalty to Josh Beaulieu for High sticking.
15:13 of 2nd period - Brad Richardson wins face-off versus Randy Robitaille in Demolitions zone.
16:51 of 2nd period - Backhand shot by Nicolas Blanchard.
16:51 of 2nd period - Stopped by Richard Bachman without a rebound.
16:52 of 2nd period - Randy Robitaille wins face-off versus Nicolas Blanchard in Monarchs zone.
17:00 of 2nd period - Icing by Andy Greene.
17:01 of 2nd period - Randy Robitaille wins face-off versus T.J. Hensick in Monarchs zone.
17:12 of 2nd period - Penalty to Josh Beaulieu is over, Josh Beaulieu is back on ice.
17:20 of 2nd period - Wrist shot by Josh Beaulieu.
17:20 of 2nd period - Shot Blocked by Kyle Palmieri.
17:30 of 2nd period - Icing by Andrej Meszaros.
17:31 of 2nd period - Ryan Craig wins face-off versus Mikael Backlund in Monarchs zone.
18:06 of 2nd period - Snap shot by Doug Janik.
18:06 of 2nd period - Stopped by Richard Bachman with a rebound.
18:26 of 2nd period - Wrist shot by John Zeiler.
18:26 of 2nd period - Shot Blocked by T.J. Hensick.
18:28 of 2nd period - Slapshot by Kyle Clifford.
18:28 of 2nd period - Shot Misses the Net.
18:38 of 2nd period - Jay Beagle is hit by Tom Kuhnhackl and loses puck.
19:21 of 2nd period - Slapshot by Konstantin Pushkarev.
19:21 of 2nd period - Shot Misses the Net.
19:23 of 2nd period - Wrist shot by Josh Beaulieu.
19:23 of 2nd period - Shot Misses the Net.
19:35 of 2nd period - Wrist shot by T.J. Hensick.
19:35 of 2nd period - Stopped by Richard Bachman with a rebound.
19:37 of 2nd period - Wrist shot by Bobby Butler.
19:37 of 2nd period - Shot Misses the Net.
19:39 of 2nd period - Wrist shot by Bobby Butler.
19:39 of 2nd period - Stopped by Richard Bachman without a rebound.
19:40 of 2nd period - T.J. Hensick wins face-off versus Zac Rinaldo in Monarchs zone.
19:48 of 2nd period - Wrist shot by Brad Richardson.
19:48 of 2nd period - Stopped by Richard Bachman with a rebound.
19:50 of 2nd period - Wrist shot by Doug Janik.
19:50 of 2nd period - Deflect By Brad Richardson.
19:50 of 2nd period - Stopped by Richard Bachman without a rebound.
19:51 of 2nd period - Randy Robitaille wins face-off versus T.J. Hensick in Monarchs zone.
19:51 of 2nd period - Randy Robitaille is hit by Doug Janik.
Goals for this period are 0 for Demolitions vs 3 for Monarchs .
Shots for this period are 16 for Demolitions vs 12 for Monarchs .
3rd period
0:01 of 3rd period - Randy Robitaille wins face-off versus T.J. Hensick in neutral zone.
0:42 of 3rd period - Minor Penalty to Anton Babchuk for Hooking.
0:43 of 3rd period - Brad Richardson wins face-off versus Randy Robitaille in Demolitions zone.
0:58 of 3rd period - Snap shot by Randy Robitaille.
0:58 of 3rd period - Shot Blocked by T.J. Hensick.
1:13 of 3rd period - Snap shot by Mason Raymond.
1:13 of 3rd period - Stopped by Brent Krahn without a rebound.
1:14 of 3rd period - Ryan Craig wins face-off versus Randy Robitaille in Demolitions zone.
1:23 of 3rd period - Jon Merrill is hit by Brad Richardson and loses puck.
1:40 of 3rd period - Jon Merrill is hit by Ryan Craig and loses puck.
2:05 of 3rd period - Robert Bortuzzo is hit by Kyle Clifford and loses puck.
2:42 of 3rd period - Penalty to Anton Babchuk is over, Anton Babchuk is back on ice.
2:53 of 3rd period - Snap shot by Marek Zagrapan.
2:53 of 3rd period - Stopped by Brent Krahn with a rebound.
3:01 of 3rd period - Snap shot by Brad Richardson.
3:01 of 3rd period - Shot Misses the Net.
3:21 of 3rd period - Wrist shot by Brad Richardson.
3:21 of 3rd period - Stopped by Richard Bachman with a rebound.
3:23 of 3rd period - Snap shot by Anton Babchuk.
3:23 of 3rd period - Stopped by Richard Bachman with a rebound.
3:25 of 3rd period - Wrist shot by Brad Richardson.
3:25 of 3rd period - Shot Misses the Net.
3:27 of 3rd period - Snap shot by Andrew Campbell.
3:27 of 3rd period - Stopped by Richard Bachman with a rebound.
3:29 of 3rd period - Wrist shot by Anton Babchuk.
3:29 of 3rd period - Shot Blocked by Roman Josi.
3:31 of 3rd period - Slapshot by T.J. Hensick.
3:31 of 3rd period - Deflect By Anton Babchuk.
3:31 of 3rd period - Stopped by Richard Bachman with a rebound.
3:33 of 3rd period - Slapshot by Anssi Salmela.
3:33 of 3rd period - Deflect By Matt Tennyson.
3:33 of 3rd period - Stopped by Richard Bachman without a rebound.
3:34 of 3rd period - Randy Robitaille wins face-off versus Ryan Craig in Monarchs zone.
5:26 of 3rd period - Minor Penalty to Chris Dingman for Delaying the game.
5:27 of 3rd period - Marek Zagrapan wins face-off versus T.J. Hensick in Monarchs zone.
5:27 of 3rd period - Marek Zagrapan is hit by Brad Richardson.
5:51 of 3rd period - Randy Robitaille is hit by Ryan Craig and loses puck.
6:32 of 3rd period - Marc Methot is hit by Brad Richardson and loses puck.
6:47 of 3rd period - Jon Merrill is hit by Spencer Machacek and loses puck.
7:26 of 3rd period - Penalty to Chris Dingman is over, Chris Dingman is back on ice.
7:38 of 3rd period - Snap shot by Chris Dingman.
7:38 of 3rd period - Stopped by Brent Krahn with a rebound.
7:52 of 3rd period - Snap shot by Kyle Palmieri.
7:52 of 3rd period - Shot Misses the Net.
8:20 of 3rd period - Konstantin Pushkarev is hit by Jay Beagle and loses puck.
9:50 of 3rd period - Mikael Backlund is hit by Spencer Machacek and loses puck.
10:28 of 3rd period - Snap shot by Anssi Salmela.
10:28 of 3rd period - Shot Blocked by Theo Peckham.
10:30 of 3rd period - Slapshot by Andrew Campbell.
10:30 of 3rd period - Stopped by Richard Bachman with a rebound.
10:32 of 3rd period - Snap shot by Josh Beaulieu.
10:32 of 3rd period - Stopped by Richard Bachman without a rebound.
10:33 of 3rd period - Mikael Backlund wins face-off versus Darren Helm in Monarchs zone.
11:00 of 3rd period - Wrist shot by Randy Robitaille.
11:00 of 3rd period - Shot Misses the Net.
11:02 of 3rd period - Slapshot by Roman Josi.
11:02 of 3rd period - Shot Blocked by Spencer Machacek.
11:04 of 3rd period - Snap shot by John Zeiler.
11:04 of 3rd period - Shot Blocked by Seth Helgeson.
11:23 of 3rd period - T.J. Hensick is hit by Zac Rinaldo and loses puck.
11:42 of 3rd period - Slapshot by Theo Peckham.
11:42 of 3rd period - Deflect By Kyle Palmieri.
11:42 of 3rd period - Stopped by Brent Krahn without a rebound.
11:43 of 3rd period - John Zeiler wins face-off versus Ryan Craig in Demolitions zone.
11:48 of 3rd period - Snap shot by Randy Robitaille.
11:48 of 3rd period - Shot Blocked by Robert Klinkhammer.
11:50 of 3rd period - Wrist shot by John Zeiler.
11:50 of 3rd period - Shot Misses the Net.
11:58 of 3rd period - Snap shot by Randy Robitaille.
11:58 of 3rd period - Shot Blocked by Anton Babchuk.
12:08 of 3rd period - Snap shot by Chris Dingman.
12:08 of 3rd period - Stopped by Brent Krahn with a rebound.
12:35 of 3rd period - Minor Penalty to Kyle Palmieri for Holding.
12:36 of 3rd period - T.J. Hensick wins face-off versus Chris Dingman in Monarchs zone.
13:40 of 3rd period - Theo Peckham is hit by Brad Richardson and loses puck.
13:51 of 3rd period - Spencer Machacek is hit by Randy Robitaille and loses puck.
14:10 of 3rd period - Wrist shot by Kyle Clifford.
14:10 of 3rd period - Stopped by Brent Krahn with a rebound.
14:35 of 3rd period - Penalty to Kyle Palmieri is over, Kyle Palmieri is back on ice.
14:44 of 3rd period - Andy Greene is hit by Anssi Salmela and loses puck.
15:39 of 3rd period - Snap shot by Zac Rinaldo.
15:39 of 3rd period - Shot Misses the Net.
16:11 of 3rd period - Snap shot by Chris Dingman.
16:11 of 3rd period - Stopped by Brent Krahn without a rebound.
16:12 of 3rd period - Marek Zagrapan wins face-off versus Ryan Craig in Demolitions zone.
18:44 of 3rd period - Off-side.
18:45 of 3rd period - Mikael Backlund wins face-off versus Darren Helm in neutral zone.
18:48 of 3rd period - Andrew Campbell is hit by Kyle Palmieri and loses puck.
18:49 of 3rd period - Andrew Campbell from Demolitions is injured at 18:49 of 3rd period (Upper Body).
18:50 of 3rd period - Randy Robitaille wins face-off versus Bobby Butler in Demolitions zone.
18:55 of 3rd period - Slapshot by Randy Robitaille.
18:55 of 3rd period - Shot Misses the Net.
18:57 of 3rd period - Slapshot by Theo Peckham.
18:57 of 3rd period - Shot Misses the Net.
19:03 of 3rd period - Snap shot by Randy Robitaille.
19:03 of 3rd period - Stopped by Brent Krahn with a rebound.
19:30 of 3rd period - Minor Penalty to Kyle Palmieri for Interference.
19:31 of 3rd period - Chris Dingman wins face-off versus T.J. Hensick in Monarchs zone.
19:31 of 3rd period - Chris Dingman is hit by T.J. Hensick.
19:41 of 3rd period - Randy Robitaille is hit by Brad Richardson and loses puck.
Goals for this period are 0 for Demolitions vs 0 for Monarchs .
Shots for this period are 7 for Demolitions vs 8 for Monarchs .
Output by the SimonT Hockey Simulator (STHS) for François Prévost -- Original Page W3C XHTML 1.0 Valid